[ AOE2 MATCH · #506715110 ]
UnrankedEthiopians vs Magyars
Rival team · LOSS
[ REPLAY ANALYSIS · EXTRACTED FROM THE RECORDED GAME ]
Feudal
10:44
Castle
23:12
Imperial
42:45
| APM avg | 71.0 |
| APM peak | 110 |
| eAPM avg | 43.5 |
| Villagers / military | 337 / 327 |
Focus
⚔️ 36.0% · 🌾 64.0%
Scout Cavalry ×167 · Archer ×118 · Knight ×18 · Spearman ×8 · Camel Scout ×8 · Fishing Ship ×7
Feudal
8:25
Castle
24:17
Imperial
45:10
| APM avg | 123.3 |
| APM peak | 203 |
| eAPM avg | 76.9 |
| Villagers / military | 291 / 169 |
Focus
⚔️ 68.3% · 🌾 31.7%
Knight ×71 · Skirmisher ×40 · Spearman ×19 · Scout Cavalry ×14 · Cavalry Archer ×14 · Monk ×3
Match map
Initial resources + every placement click. Lines = walls · curves = elevation contours. ◆ gold · ⬟ stone · ● berries · ✦ relic · ◌ wall gap
Your base· ✓ Closed at 23:12 · 58t walls · 2 gate(s)
blytz's base· Open — unwalled flank
Smoothed initial terrain · ◌ = detected wall gap · hover for details
Inputs per minute
— LE | WilliamS - - blytz
Build order — LE | WilliamS
First 150 of 815 actions detected
| 0:01 | Queue | Villager (Male) |
| 0:01 | Queue | Villager (Male) |
| 0:02 | Build | House |
| 0:03 | Build | House |
| 0:04 | Queue | Villager (Male) |
| 0:07 | Queue | Villager (Male) |
| 1:36 | Queue | Villager (Male) |
| 1:39 | Queue | Villager (Male) |
| 1:50 | Build | Lumber Camp |
| 2:19 | Queue | Villager (Male) |
| 2:52 | Queue | Villager (Male) |
| 2:53 | Queue | Villager (Male) |
| 3:21 | Queue | Villager (Male) |
| 3:21 | Queue | Villager (Male) |
| 3:32 | Queue | Villager (Male) |
| 3:32 | Queue | Villager (Male) |
| 3:50 | Build | House |
| 3:54 | Queue | Villager (Male) |
| 4:09 | Queue | Villager (Male) |
| 4:09 | Queue | Villager (Male) |
| 4:23 | Build | House |
| 4:25 | Queue | Villager (Male) |
| 4:59 | Queue | Villager (Male) |
| 5:09 | Build | Palisade Wall |
| 5:11 | Queue | Villager (Male) |
| 5:19 | Build | Palisade Wall |
| 5:30 | Build | Palisade Wall |
| 5:46 | Build | Dock |
| 5:50 | Queue | Villager (Male) |
| 5:58 | Research | Loom |
| 6:03 | Build | Palisade Wall |
| 6:04 | Build | Palisade Wall |
| 6:25 | Build | House |
| 6:27 | Build | Palisade Wall |
| 6:31 | Queue | Villager (Male) |
| 6:39 | Build | Palisade Wall |
| 6:49 | Build | Palisade Wall |
| 7:12 | Queue | Fishing Ship |
| 7:27 | Build | House |
| 7:32 | Queue | Villager (Male) |
| 7:48 | Queue | Villager (Male) |
| 7:54 | Build | House |
| 7:55 | Build | Palisade Wall |
| 8:34 | Research | Feudal Age |
| 9:00 | Build | Mining Camp |
| 9:04 | Queue | Fishing Ship |
| 9:17 | Build | Palisade Wall |
| 9:19 | Build | Palisade Wall |
| 9:22 | Queue | Villager (Male) |
| 9:36 | Build | Barracks |
| 9:49 | Queue | Villager (Male) |
| 10:02 | Build | Palisade Gate |
| 10:11 | Build | Palisade Wall |
| 10:13 | Build | Palisade Wall |
| 10:15 | Build | Palisade Wall |
| 10:19 | Queue | Fishing Ship |
| 10:44 | Age | Feudal Age |
| 10:48 | Build | Watch Tower |
| 10:50 | Queue | Spearman |
| 10:52 | Research | Double-Bit Axe |
| 10:54 | Queue | Villager (Male) |
| 11:00 | Queue | Villager (Male) |
| 11:05 | Queue | Villager (Male) |
| 11:05 | Queue | Villager (Male) |
| 11:09 | Queue | Villager (Male) |
| 11:11 | Queue | Villager (Male) |
| 11:26 | Build | Palisade Wall |
| 11:31 | Queue | Spearman |
| 11:34 | Queue | Villager (Male) |
| 11:41 | Queue | Villager (Male) |
| 11:43 | Build | Mill |
| 11:47 | Build | Palisade Wall |
| 11:59 | Queue | Villager (Male) |
| 12:01 | Build | Palisade Gate |
| 12:07 | Queue | Villager (Male) |
| 12:07 | Queue | Villager (Male) |
| 12:07 | Queue | Villager (Male) |
| 12:34 | Queue | Fishing Ship |
| 12:55 | Queue | Villager (Male) |
| 12:56 | Queue | Spearman |
| 13:32 | Queue | Villager (Male) |
| 13:32 | Queue | Villager (Male) |
| 13:54 | Queue | Spearman |
| 13:56 | Queue | Fishing Ship |
| 14:05 | Build | Lumber Camp |
| 14:14 | Queue | Villager (Male) |
| 14:14 | Queue | Villager (Male) |
| 14:19 | Queue | Villager (Male) |
| 14:19 | Queue | Villager (Male) |
| 14:47 | Queue | Villager (Male) |
| 14:48 | Queue | Villager (Male) |
| 14:54 | Build | House |
| 14:58 | Research | Town Watch |
| 14:58 | Research | Town Watch |
| 15:01 | Build | Fish Trap |
| 15:11 | Queue | Villager (Male) |
| 15:19 | Queue | Villager (Male) |
| 15:21 | Build | Farm |
| 15:25 | Build | Fish Trap |
| 15:37 | Queue | Villager (Male) |
| 15:38 | Queue | Villager (Male) |
| 15:40 | Build | Mining Camp |
| 15:49 | Queue | Villager (Male) |
| 15:49 | Queue | Villager (Male) |
| 15:51 | Build | Fish Trap |
| 16:00 | Build | House |
| 16:02 | Build | Palisade Wall |
| 16:05 | Build | Palisade Wall |
| 16:20 | Queue | Villager (Male) |
| 16:20 | Queue | Villager (Male) |
| 16:23 | Queue | Villager (Male) |
| 16:23 | Queue | Villager (Male) |
| 16:23 | Queue | Villager (Male) |
| 16:29 | Build | Farm |
| 16:34 | Build | House |
| 16:35 | Build | House |
| 16:45 | Build | Fish Trap |
| 16:50 | Queue | Villager (Male) |
| 16:50 | Queue | Villager (Male) |
| 17:03 | Build | Watch Tower |
| 17:13 | Queue | Villager (Male) |
| 17:16 | Build | Farm |
| 17:17 | Build | Farm |
| 17:18 | Queue | Spearman |
| 17:18 | Queue | Spearman |
| 17:18 | Queue | Spearman |
| 17:26 | Build | Watch Tower |
| 17:35 | Build | Palisade Wall |
| 17:38 | Queue | Villager (Male) |
| 17:46 | Build | Market |
| 17:53 | Queue | Spearman |
| 17:55 | Queue | Villager (Male) |
| 17:55 | Queue | Villager (Male) |
| 17:59 | Queue | Villager (Male) |
| 18:04 | Queue | Villager (Male) |
| 18:20 | Queue | Villager (Male) |
| 18:22 | Queue | Villager (Male) |
| 18:25 | Queue | Villager (Male) |
| 18:28 | Build | Blacksmith |
| 18:42 | Queue | Villager (Male) |
| 18:43 | Queue | Fishing Ship |
| 18:49 | Queue | Villager (Male) |
| 18:50 | Queue | Villager (Male) |
| 18:54 | Build | House |
| 19:10 | Research | Fletching |
| 19:13 | Queue | Villager (Male) |
| 19:17 | Queue | Fishing Ship |
| 19:18 | Queue | Villager (Male) |
| 19:21 | Build | Farm |
| 19:22 | Build | Farm |
Build order — blytz
First 150 of 700 actions detected
| 0:00 | Queue | Villager (Male) |
| 0:00 | Queue | Villager (Male) |
| 0:01 | Build | House |
| 0:03 | Build | House |
| 0:04 | Queue | Villager (Male) |
| 0:06 | Queue | Villager (Male) |
| 1:23 | Queue | Villager (Male) |
| 1:49 | Queue | Villager (Male) |
| 1:59 | Build | Lumber Camp |
| 2:29 | Queue | Villager (Male) |
| 2:30 | Queue | Villager (Male) |
| 2:58 | Queue | Villager (Male) |
| 3:35 | Queue | Villager (Male) |
| 3:45 | Queue | Villager (Male) |
| 3:50 | Build | House |
| 3:59 | Queue | Villager (Male) |
| 4:00 | Queue | Villager (Male) |
| 4:25 | Queue | Villager (Male) |
| 4:26 | Build | Mill |
| 4:40 | Queue | Villager (Male) |
| 4:55 | Queue | Villager (Male) |
| 6:15 | Research | Feudal Age |
| 6:15 | Research | Feudal Age |
| 6:51 | Queue | Villager (Male) |
| 7:15 | Queue | Villager (Male) |
| 7:22 | Queue | Villager (Male) |
| 7:35 | Queue | Villager (Male) |
| 7:40 | Build | Barracks |
| 7:42 | Queue | Villager (Male) |
| 7:49 | Build | House |
| 8:25 | Age | Feudal Age |
| 8:27 | Queue | Villager (Male) |
| 8:29 | Queue | Villager (Male) |
| 8:45 | Queue | Villager (Male) |
| 8:46 | Build | Stable |
| 8:54 | Research | Double-Bit Axe |
| 8:55 | Queue | Villager (Male) |
| 9:08 | Queue | Villager (Male) |
| 9:14 | Research | Loom |
| 9:20 | Queue | Villager (Male) |
| 9:22 | Build | House |
| 9:26 | Queue | Scout Cavalry |
| 9:30 | Build | Palisade Wall |
| 9:39 | Queue | Spearman |
| 9:42 | Queue | Villager (Male) |
| 9:45 | Queue | Villager (Male) |
| 9:54 | Queue | Scout Cavalry |
| 9:54 | Queue | Villager (Male) |
| 10:02 | Queue | Villager (Male) |
| 10:08 | Build | Mining Camp |
| 10:23 | Build | Outpost |
| 10:27 | Queue | Scout Cavalry |
| 10:35 | Build | Watch Tower |
| 10:53 | Queue | Villager (Male) |
| 10:57 | Build | House |
| 11:11 | Queue | Villager (Male) |
| 11:14 | Queue | Scout Cavalry |
| 11:54 | Build | House |
| 12:05 | Queue | Villager (Male) |
| 12:08 | Queue | Scout Cavalry |
| 12:08 | Queue | Scout Cavalry |
| 12:11 | Queue | Villager (Male) |
| 12:12 | Build | Farm |
| 12:13 | Build | Farm |
| 12:21 | Build | Watch Tower |
| 12:30 | Queue | Villager (Male) |
| 12:32 | Build | Farm |
| 12:39 | Queue | Villager (Male) |
| 12:47 | Build | Stone Wall |
| 12:56 | Queue | Villager (Male) |
| 13:33 | Queue | Scout Cavalry |
| 13:44 | Queue | Scout Cavalry |
| 13:44 | Queue | Scout Cavalry |
| 13:57 | Build | Farm |
| 13:57 | Build | Farm |
| 13:58 | Build | Farm |
| 14:04 | Build | House |
| 14:07 | Queue | Spearman |
| 14:10 | Build | Farm |
| 14:14 | Build | House |
| 14:19 | Queue | Villager (Male) |
| 14:21 | Build | Farm |
| 14:28 | Build | Outpost |
| 14:34 | Queue | Spearman |
| 14:46 | Research | Horse Collar |
| 14:46 | Research | Horse Collar |
| 14:59 | Queue | Villager (Male) |
| 15:02 | Build | Farm |
| 15:07 | Build | Outpost |
| 15:07 | Queue | Villager (Male) |
| 15:07 | Queue | Villager (Male) |
| 15:12 | Queue | Villager (Male) |
| 15:12 | Queue | Villager (Male) |
| 15:18 | Build | Watch Tower |
| 15:21 | Build | Watch Tower |
| 15:28 | Queue | Spearman |
| 15:31 | Build | Stone Wall |
| 15:33 | Build | Palisade Wall |
| 15:35 | Build | Palisade Wall |
| 15:36 | Build | Palisade Wall |
| 15:38 | Build | Palisade Wall |
| 15:40 | Build | Palisade Wall |
| 15:42 | Build | Palisade Wall |
| 15:47 | Queue | Villager (Male) |
| 15:49 | Build | Farm |
| 15:59 | Queue | Villager (Male) |
| 15:59 | Queue | Villager (Male) |
| 16:24 | Queue | Villager (Male) |
| 16:26 | Build | Farm |
| 16:27 | Queue | Villager (Male) |
| 16:27 | Queue | Villager (Male) |
| 16:31 | Queue | Scout Cavalry |
| 16:31 | Queue | Villager (Male) |
| 16:42 | Build | Outpost |
| 16:53 | Build | Watch Tower |
| 16:53 | Queue | Villager (Male) |
| 16:53 | Queue | Villager (Male) |
| 17:00 | Queue | Villager (Male) |
| 17:02 | Build | Lumber Camp |
| 17:21 | Build | Watch Tower |
| 17:22 | Queue | Villager (Male) |
| 17:23 | Queue | Villager (Male) |
| 17:27 | Build | Palisade Wall |
| 17:28 | Build | Palisade Wall |
| 17:33 | Queue | Villager (Male) |
| 17:44 | Queue | Villager (Male) |
| 17:44 | Queue | Villager (Male) |
| 17:46 | Build | Blacksmith |
| 17:50 | Queue | Villager (Male) |
| 17:53 | Queue | Villager (Male) |
| 17:53 | Queue | Villager (Male) |
| 17:54 | Build | Farm |
| 17:55 | Build | Farm |
| 18:12 | Queue | Villager (Male) |
| 18:14 | Build | Farm |
| 18:14 | Build | Farm |
| 18:20 | Build | House |
| 18:21 | Queue | Villager (Male) |
| 18:23 | Research | Wheelbarrow |
| 18:33 | Build | House |
| 18:36 | Research | Fletching |
| 18:36 | Research | Fletching |
| 18:40 | Queue | Spearman |
| 19:07 | Queue | Spearman |
| 19:16 | Queue | Villager (Male) |
| 19:16 | Queue | Villager (Male) |
| 19:17 | Queue | Villager (Male) |
| 19:19 | Build | Mining Camp |
| 19:19 | Queue | Villager (Male) |
| 19:20 | Build | Farm |
Match timeline
| 5:09 | LE | WilliamS · wall_segment Palisade Wall x5 |
| 5:19 | LE | WilliamS · wall_segment Palisade Wall x7 |
| 5:30 | LE | WilliamS · wall_segment Palisade Wall x1 |
| 5:46 | LE | WilliamS · first_building Dock |
| 6:03 | LE | WilliamS · wall_segment Palisade Wall x8 |
| 6:04 | LE | WilliamS · wall_segment Palisade Wall x1 |
| 6:27 | LE | WilliamS · wall_segment Palisade Wall x1 |
| 6:39 | LE | WilliamS · wall_segment Palisade Wall x4 |
| 6:49 | LE | WilliamS · wall_segment Palisade Wall x7 |
| 7:40 | blytz · first_building Barracks |
| 7:55 | LE | WilliamS · wall_segment Palisade Wall x1 |
| 8:25 | blytz · age_up feudal |
| 8:46 | blytz · first_building Stable |
| 9:17 | LE | WilliamS · wall_segment Palisade Wall x3 |
| 9:19 | LE | WilliamS · wall_segment Palisade Wall x4 |
| 9:30 | blytz · wall_segment Palisade Wall x1 |
| 9:36 | LE | WilliamS · first_building Barracks |
| 10:11 | LE | WilliamS · wall_segment Palisade Wall x1 |
| 10:13 | LE | WilliamS · wall_segment Palisade Wall x1 |
| 10:15 | LE | WilliamS · wall_segment Palisade Wall x1 |
| 10:44 | LE | WilliamS · age_up feudal |
| 11:26 | LE | WilliamS · wall_segment Palisade Wall x1 |
| 11:47 | LE | WilliamS · wall_segment Palisade Wall x1 |
| 12:47 | blytz · wall_segment Stone Wall x1 |
| 15:31 | blytz · wall_segment Stone Wall x1 |
| 15:33 | blytz · wall_segment Palisade Wall x1 |
| 15:35 | blytz · wall_segment Palisade Wall x1 |
| 15:36 | blytz · wall_segment Palisade Wall x1 |
| 15:38 | blytz · wall_segment Palisade Wall x1 |
| 15:40 | blytz · wall_segment Palisade Wall x1 |
| 15:42 | blytz · wall_segment Palisade Wall x1 |
| 16:02 | LE | WilliamS · wall_segment Palisade Wall x1 |
| 16:05 | LE | WilliamS · wall_segment Palisade Wall x3 |
| 17:27 | blytz · wall_segment Palisade Wall x1 |
| 17:28 | blytz · wall_segment Palisade Wall x1 |
| 17:35 | LE | WilliamS · wall_segment Palisade Wall x1 |
| 19:14 | LE | WilliamS · first_market_buy 100 stone |
| 20:46 | LE | WilliamS · first_building Stable |
| 20:50 | LE | WilliamS · wall_segment Stone Wall x1 |
| 20:50 | LE | WilliamS · wall_segment Stone Wall x1 |
| 21:20 | blytz · first_market_sell 100 wood |
| 21:42 | LE | WilliamS · wall_segment Palisade Wall x1 |
| 21:42 | LE | WilliamS · wall_segment Palisade Wall x1 |
| 21:43 | LE | WilliamS · wall_segment Palisade Wall x1 |
| 21:43 | LE | WilliamS · wall_segment Palisade Wall x1 |
| 21:52 | LE | WilliamS · wall_segment Palisade Wall x1 |
| 21:58 | LE | WilliamS · wall_segment Palisade Wall x1 |
| 23:12 | LE | WilliamS · age_up castle |
| 23:53 | blytz · wall_segment Palisade Wall x12 |
| 24:03 | LE | WilliamS · first_building Monastery |
| 24:17 | blytz · age_up castle |
| 25:51 | LE | WilliamS · first_building Archery Range |
| 26:19 | LE | WilliamS · wall_segment Palisade Wall x1 |
| 27:19 | blytz · first_building Monastery |
| 29:51 | blytz · first_market_buy 100 wood |
| 29:56 | LE | WilliamS · first_market_sell 100 wood |
| 30:02 | blytz · first_building Siege Workshop |
| 33:03 | LE | WilliamS · first_building Siege Workshop |
| 36:17 | LE | WilliamS · wall_segment Stone Wall x1 |
| 36:18 | LE | WilliamS · wall_segment Stone Wall x1 |
| 36:19 | LE | WilliamS · wall_segment Stone Wall x1 |
| 36:20 | LE | WilliamS · wall_segment Stone Wall x1 |
| 36:21 | LE | WilliamS · wall_segment Stone Wall x1 |
| 37:26 | LE | WilliamS · wall_segment Stone Wall x5 |
| 39:09 | LE | WilliamS · wall_segment Stone Wall x2 |
| 39:48 | blytz · first_building Castle |
| 42:45 | LE | WilliamS · age_up imperial |
| 42:51 | blytz · first_building Archery Range |
| 45:10 | blytz · age_up imperial |
| 45:27 | LE | WilliamS · first_building Castle |
| 54:17 | blytz · resign |
[ AI ANALYSIS · 1 CREDIT ]
What really happened in this match?
Wolo.gg analyzes every decision: build order, eco, micro, common mistakes by bracket. Personalized analysis on WhatsApp or Discord in 30 seconds.
Civ guide
Ethiopians
Perfil
WilliamS (LE | WilliamS)